 Dungeon Crawl Stone Soup version 0.19.1-28-ge1247f7 (webtiles) character file.

391 Alarkh the Chopper (level 6, -6/47 HPs)
             Began as a Demonspawn Monk on Jan 21, 2017.
             Mangled by an orc priest
             ... wielding a +0 mace
              (8 damage)
             ... on level 4 of the Dungeon.
             The game lasted 00:03:43 (3592 turns).

Alarkh the Chopper (Demonspawn Monk)                Turns: 3592, Time: 00:03:43

Health: -6/47      AC:  9    Str: 12    XL:     6   Next: 50%
Magic:  0/6        EV: 13    Int: 13    God:
Gold:   172        SH:  0    Dex: 15    Spells: 0 memorised, 5 levels left

rFire  . . .     SeeInvis .     a - +0 hand axe
rCold  . . .     Gourm    .     b - +0 robe
rNeg   . . .     Faith    .     (no shield)
rPois  .         Spirit   +     n - +0 helmet
rElec  .         Reflect  .     i - +2 cloak
rCorr  .         Harm     .     (no gloves)
MR     .....                    (no boots)
Stlth  ++........               (no amulet)
                                (no ring)
                                (no ring)

@: no status effects
A: yellow scales 2, magic shield
a: no special abilities


You were on level 4 of the Dungeon.
You were hungry.

You visited 1 branch of the dungeon, and saw 4 of its levels.

You collected 172 gold pieces.

Inventory:

Hand Weapons
 a - a +0 hand axe (weapon)
Armour
 b - a +0 robe (worn)
 i - a +2 cloak (worn)
 n - a +0 helmet (worn)
Jewellery
 q - an uncursed ring of fire
Scrolls
 e - a scroll of identify
 f - a scroll of fog
 g - 2 scrolls of enchant weapon {unknown}
 h - a scroll of teleportation
 l - 2 scrolls of random uselessness {unknown}
 m - a scroll of recharging {unknown}
 p - 2 scrolls of noise
Comestibles
 c - 4 bread rations
 k - 3 meat rations


   Skills:
 - Level 3.0 Fighting
 + Level 6.8 Axes
 - Level 2.6 Dodging
 - Level 1.7 Stealth


You had 5 spell levels left.
You didn't know any spells.

Dungeon Overview and Level Annotations

Branches:
Dungeon (4/15)
 Temple: D:4-7

Altars:
Xom

Annotations:
D:3 Alarkh's ghost, amateur DsMo


Innate Abilities, Weirdness & Mutations

You are mostly covered in yellow scales. (AC +3)
When hurt, damage is shared between your health and your magic reserves.


Message History

* * * LOW HITPOINT WARNING * * *
You barely miss the orc priest.
The orc priest is moderately wounded.
The orc priest misses you.
You closely miss the orc priest.
The orc priest is moderately wounded.
The orc priest hits you but does no damage.
You hit the orc priest.
The orc priest is moderately wounded.
The orc priest hits you with a mace.
* * * LOW HITPOINT WARNING * * *
You hit the orc priest.
The orc priest is heavily wounded.
You hit the orc priest but do no damage.
The orc priest is heavily wounded.
The orc priest hits you but does no damage.
You hit the orc priest but do no damage.
The orc priest is heavily wounded.
The orc priest hits you with a mace!
You die...

...# #.####..###...##.##..<# ...#
#.........#............ ...#
#.........#............ ...#
#.........'........)..( ...#
#.........#............ ...#
#.........#............ ...#
#...##)...#............ ####
#...##.o.##.....#####+# ...#
#^..##@############...#
...########......................
....+............................
..............#..................
####.#######..#....#..#######...#
####.#######..#.#######...###...#
..[.......##..### #...........
####.####.##.## #........>..
####.####.##.# #...........


You could see an orc priest.

Vanquished Creatures
  An ogre (D:4)
  A scorpion (D:4)
  A centaur zombie (D:4)
  A jelly (D:4)
  A centaur skeleton (D:4)
  An orc priest (D:4)
  A worker ant (D:4)
  4 adders
  2 oozes (D:4)
  2 worms
  2 dart slugs
  A leopard gecko (D:3)
  3 orcs (D:4)
  4 giant cockroaches
  7 goblins
  4 hobgoblins
  2 jackals (D:1)
  A quokka (D:4)
  5 bats
  6 frilled lizards
  9 kobolds
  4 rats
63 creatures vanquished.

Notes
Turn   | Place    | Note
-------+----------+-------------------------------------------
     0 | D:1      | Alarkh the Demonspawn Monk began the quest for the Orb.
     0 | D:1      | Reached XP level 1. HP: 18/18 MP: 1/1
    67 | D:1      | Reached skill level 3 in Axes
   180 | D:1      | Gained mutation: You are partially covered in yellow scales. (AC +2) [demonic ancestry]
   180 | D:1      | Reached XP level 2. HP: 22/24 MP: 2/2
   547 | D:1      | Reached XP level 3. HP: 28/29 MP: 3/3
   861 | D:2      | Reached skill level 4 in Axes
  1264 | D:2      | Found a shimmering altar of Xom.
  1473 | D:3      | Reached XP level 4. HP: 26/35 MP: 4/4
  1492 | D:3      | Noticed Alarkh's ghost (amateur DsMo)
  2160 | D:4      | Noticed an ogre
  2173 | D:4      | Killed an ogre
  2173 | D:4      | Reached skill level 5 in Axes
  2173 | D:4      | Gained mutation: When hurt, damage is shared between your health and your magic reserves. [demonic ancestry]
  2173 | D:4      | Reached XP level 5. HP: 12/41 MP: 5/5
  2559 | D:4      | Reached skill level 6 in Axes
  2769 | D:4      | Gained mutation: You are mostly covered in yellow scales. (AC +3) [demonic ancestry]
  2769 | D:4      | Reached XP level 6. HP: 16/47 MP: 3/6
  3577 | D:4      | HP: 1/47 [orc priest/divine providence (13)]
  3589 | D:4      | HP: 2/47 [orc priest/mace (4)]
  3592 | D:4      | Mangled by an orc priest

Skill      XL: |  1  2  3  4  5 |
---------------+----------------+-----
Axes           | 3 4 5 6 |  6.8
Fighting       | |  3.0
Dodging        | |  2.6
Stealth        | |  1.7

Action                   |  1- 3 |  4- 6 || total
-------------------------+-------+-------++-------
Melee: Hand axe          |   163 |   182 ||   345
  Use: Scroll            |     7 |     1 ||     8
       Potion            |       |     5 ||     5
 Stab: Sleeping          |     9 |     2 ||    11
  Eat: Chunk             |     2 |     3 ||     5
       Pizza             |       |     2 ||     2
Armor: Robe              |    44 |    43 ||    87
Dodge: Dodged            |   112 |    94 ||   206
